 Seeded DCSS version 0.27.1-15-g792fb953b9 (webtiles) character file.

Game seed: 20211118 (custom seed)

5 jessy the Sneak (level 1, 0/10 HPs)
             Began as a Spriggan Brigand on Nov 18, 2021.
             Slain by an adder (1 damage)
             ... on level 2 of the Dungeon.
             The game lasted 00:01:14 (189 turns).

jessy the Sneak (Spriggan Brigand)                   Turns: 189, Time: 00:01:15

Health: 0/10       AC:  3    Str:  7    XL:     1   Next: 66%
Magic:  2/2        EV: 16    Int: 12    God:
Gold:   0          SH:  0    Dex: 16    Spells: 0/0 levels left

rFire    . . .     SeeInvis +   a - +2 dagger
rCold    . . .     Faith    .   (shield restricted)
rNeg     . . .     Spirit   .   b - +0 robe
rPois    .         Reflect  .   (helmet restricted)
rElec    .         Harm     .   c - +0 cloak
rCorr    .         Rampage  .   (gloves unavailable)
Will     .....                  (boots unavailable)
Stlth    +++.......             (no amulet)
HPRegen  0.03/turn              (no ring)
MPRegen  0.08/turn              (no ring)

@: very quick
A: very small, no large weapons, unfitting armour, see invisible, speed 3
a: no special abilities


You were on level 2 of the Dungeon.
You visited 1 branch of the dungeon, and saw 2 of its levels.

Inventory:

Hand Weapons
 a - a +2 dagger (weapon)
Missiles
 d - 24 poisoned darts (quivered)
 e - 2 curare-tipped darts
Armour
 b - a +0 robe (worn)
 c - a +0 cloak (worn)
Scrolls
 f - a scroll of identify {unknown}


   Skills:
 + Level 1.5 Fighting
 + Level 2.2 Short Blades
 + Level 2.0 Throwing
 + Level 1.7 Dodging
 + Level 6.1 Stealth


You couldn't memorise any spells.
You didn't know any spells.
Your spell library was empty.

Dungeon Overview and Level Annotations

Branches:
Dungeon (2/15)

Altars:

Shops:
D:2 :


Innate Abilities, Weirdness & Mutations

You are very small and have problems with some larger weapons.
You are too small for most types of armour.
You have supernaturally acute eyesight. (SInv)
You cover ground extremely quickly. (Speed+++)


Message History

The ball python closely misses you. x2; The ball python barely misses you.
You hit the ball python.
The ball python is severely wounded.
The ball python misses you. The ball python completely misses you.
The ball python barely misses you. x3; The ball python misses you.
You barely miss the ball python.
The ball python is severely wounded.
The ball python misses you. The ball python closely misses you.
You hit the ball python.
You kill the ball python!
The adder misses you. The adder completely misses you.
The ball python barely misses you. The ball python misses you.
The adder misses you. The ball python closely misses you.
The ball python grabs you. The ball python constricts you.
You escape the ball python's grasp.
The adder bites you but does no damage.
The ball python hisses angrily.
You hit the ball python.
The ball python is severely wounded.
The ball python bites you. The ball python closely misses you.
The adder misses you.
You hit the ball python.
You kill the ball python!
The adder misses you. The adder barely misses you.
You see here a ball python corpse.
You aren't carrying any potions.
You see here a ball python corpse.
The adder bites you but does no damage.
You hit the ball python.
The ball python is severely wounded.
The ball python completely misses you. x2; The adder bites you.
* * * LOW HITPOINT WARNING * * *
You hit the ball python.
You kill the ball python!
The adder barely misses you. The adder closely misses you.
You hit the adder but do no damage. The adder bites you.
You die...

.....# #...# ##.......
.#...######...###...#....
##........................
##.##.....................
...##....................
...##....[....#........##
...##.........#........#
..(...........#........#
..............#.@S.....##
..8..........##.........#
.............###.†......# .
..<...######............#...
.....## ##...............
..∩..# #............##
.....# .[#.###...#......#
..8..# S.SS......#......#
.....# S..S......#......#


You could see an adder.

Vanquished Creatures
  5 ball pythons (D:2)
5 creatures vanquished.

Vanquished Creatures (others)
  A plant (D:2)
1 creature vanquished.

Grand Total: 6 creatures vanquished

Notes
Turn   | Place    | Note
-------+----------+-------------------------------------------
     0 | D:1      | jessy the Spriggan Brigand began the quest for the Orb.
     0 | D:1      | Reached XP level 1. HP: 10/10 MP: 2/2
    46 | D:2      | Found Sashrigae's Book Shop.
   164 | D:2      | Reached skill level 6 in Stealth
   189 | D:2      | Slain by an adder

Illustrated notes

Levels and vault maps discovered:
D:1:      dpeg_arrival_lava_temple_mockup, layout_basic,
          hellmonk_ecumenical_altar_blasted
D:2:      layout_basic, serial_shops, shop_statue, minmay_misc_feat_enclosed,
          minmay_shallow_snake_nest, uniq_terence

Skill      XL: |  1 |
---------------+----+-----
Stealth        | 6 |  6.1
Fighting       | |  1.5
Short Blades   | |  2.2
Throwing       | |  2.0
Dodging        | |  1.7

Action                   || total
-------------------------++-------
Melee: Dagger            ||    13
Armor: Robe              ||     3
Dodge: Dodged            ||    32
